[Event "*** Titled Tuesday Blitz"]
[Site "Chess.com"]
[Date "2021.03.30"]
[Round "9"]
[White "Srisshhhtea"]
[Black "Nozdrachev_Leonid"]
[Result "0-1"]
[WhiteElo "2359"]
[BlackElo "2543"]
[TimeControl "180+1"]
[EndTime "11:46:51 PDT"]
[Termination "Nozdrachev_Leonid won by checkmate"]

1. e4 d6 2. d4 Nf6 3. Nc3 e5 4. Nf3 Nbd7 5. Bc4 Be7 6. O-O O-O 7. a4 c6 8. Qe2 Qc7 9. Rd1 Re8 10. Ng5 Rf8 11. Nf3 h6 12. dxe5 dxe5 13. Nh4 Nc5 14. Ng6 Re8 15. b4 Ne6 16. Nxe7+ Qxe7 17. Bxe6 Bxe6 18.
Ba3 Ng4 19. f3 Nf6 20. b5 Qc7 21. Qf2 Red8 22. Rxd8+ Qxd8 23. bxc6 bxc6 24. Rd1 Qa5 25. Qc5 Qxc5+ 26. Bxc5 a6 27. a5 Nd7 28. Bd6 f6 29. Rb1 Rd8 30. Rb7 Nf8 31. Bc5 Bc4 32. Na4 Ne6 33.
Be3 h5 34. Nb6 Be2 35. Kf2 Bd1 36. Re7 Nd4 37. c3 Nb5 38. c4 Nc3 39. Bc5 Rd2+ 40. Kg3 Ne2+ 41. Kh4 Nf4 42. g4 Rxh2+ 43. Kg3 Rg2+ 44. Kh4 Bxf3 45. Re8+ Kh7 46. gxh5 Rg4# 0-1

[Event "*** Titled Tuesday Blitz"]
[Site "Chess.com"]
[Date "2021.03.30"]
[Round "9"]
[White "Tpros"]
[Black "TioCridineno"]
[Result "1-0"]
[WhiteElo "2455"]
[BlackElo "2277"]
[TimeControl "180+1"]
[EndTime "11:46:51 PDT"]
[Termination "Tpros won on time"]

1. b3 d5 2. e3 Nc6 3. f4 e5 4. fxe5 Nxe5 5. Nf3 Bg4 6. Be2 Bxf3 7. Bxf3 Nf6 8. O-O c6 9. Nc3 Bd6 10. Bb2 O-O 11. a4 Qc7 12. g3 Rfe8 13. Ne2 Rad8 14. Nd4 Qd7 15. Bg2 Ng6 16. a5 a6 17. Ra4 Be5 18. Qa1 h5 19. Nf5 Bxb2 20. Qxb2 Ne5 21. Raf4 Qc7 22. Nxg7 Kxg7 23. Rxf6 h4 24. Rxf7+ Qxf7 25. Rxf7+ Kxf7 26. Qd4 hxg3 27. hxg3 Rd6 28. c4 Ree6 29.
cxd5 Re7 30. Qc5 Rg6 31. d6 Ree6 32. d4 1-0

[Event "*** Titled Tuesday Blitz"]
[Site "Chess.com"]
[Date "2021.03.30"]
[Round "9"]
[White "annamaja"]
[Black "PawnEatingZombie"]
[Result "0-1"]
[WhiteElo "2340"]
[BlackElo "2212"]
[TimeControl "180+1"]
[EndTime "11:46:51 PDT"]
[Termination "PawnEatingZombie won on time"]

1. e4 c6 2. d4 d5 3. Nc3 dxe4 4.
Nxe4 Bf5 5. Ng3 Bg6 6. h4 h6 7. Nh3 e6 8. Nf4 Bh7 9. c3 Nf6 10. Bd3 Bxd3 11. Qxd3 Bd6 12. Be3 Nbd7 13. O-O-O Qc7 14.
Ngh5 O-O-O 15. Nxf6 Nxf6 16. Ne2 Kb8 17. f3 Nd5 18. Kb1 Nxe3 19. Qxe3 Rhe8 20. f4 c5 21. dxc5 Bxc5 22. Qg3 Qc6 23. f5+ Bd6 24. Qf2 Qe4+ 25. Ka1 Qxf5 26. Qxf5 exf5 27. Nd4 f4 28. Nf5 Be5 29.
Rhe1 Rxd1+ 30. Rxd1 Kc7 31. Re1 Re6 32. Nd4 Bxd4 33.
Rxe6 fxe6 34. cxd4 Kd6 35. Kb1 Kd5 36. Kc2 Kxd4 37.
Kd2 e5 38. Ke2 e4 39. Kd2 g5 40. hxg5 hxg5 41. Ke2 g4 42. Kd2 f3 43. gxf3 exf3 44.
Ke1 g3 45. Kf1 Kd3 0-1

[Event "*** Titled Tuesday Blitz"]
[Site "Chess.com"]
[Date "2021.03.30"]
[Round "9"]
[White "MasterKroket"]
[Black "Nikolaj_6"]
[Result "0-1"]
[WhiteElo "2531"]
[BlackElo "2659"]
[TimeControl "180+1"]
[EndTime "11:46:52 PDT"]
[Termination "Nikolaj_6 won by resignation"]

1. d4 Nf6 2. c4 e6 3. Nf3 c5 4. d5 d6 5. Nc3 exd5 6. cxd5 g6 7. e4 a6 8. a4 Bg4 9. Be2 Bg7 10. O-O O-O 11. Be3 Bxf3 12. Bxf3 Nbd7 13. Be2 Re8 14. Bd3 Rc8 15. f4 c4 16. Bc2 Nc5 17.
Qf3 Nfxe4 18. Nxe4 Nxe4 19. Bxe4 Qe7 20. Bxg6 hxg6 21. Bc1 Bd4+ 22. Kh1 Qe2 23. Ra3 c3 24. bxc3 Qxf3 25. gxf3 Rxc3 26. Bb2 Rxa3 27. Bxa3 Bc5 28.
Bxc5 dxc5 29. Rc1 Rc8 30. d6 Kf8 31. Rb1 Rd8 32. Rxb7 Rxd6 33. Rc7 Rd4 34. a5 Rxf4 35. Kg2 Rf5 36. Rc6 c4 37. Rxa6 Rc5 38. Rb6 Rxa5 39.
Rc6 Ra4 40. Kg3 Ke7 41. h4 Kd7 42. Rf6 c3 43. Rxf7+ Kd6 44. Rf6+ Kd5 45. Rf8 Rc4 46. Rd8+ Ke6 47. Rd1 c2 48. Rc1 Kf5 49. Kf2 Rxh4 50. Ke3 Rc4 51. f4 Rc6 0-1

[Event "*** Titled Tuesday Blitz"]
[Site "Chess.com"]
[Date "2021.03.30"]
[Round "9"]
[White "djano"]
[Black "KeithArkell"]
[Result "1-0"]
[WhiteElo "2447"]
[BlackElo "2587"]
[TimeControl "180+1"]
[EndTime "11:46:52 PDT"]
[Termination "djano won on time"]

1. e4 c6 2. d4 d5 3. exd5 cxd5 4.
Bd3 Nf6 5. c3 Nc6 6. Bf4 Bg4 7.
Qb3 Qd7 8. Nd2 e6 9. Ngf3 Bxf3 10. Nxf3 Bd6 11. Bxd6 Qxd6 12. O-O O-O 13. Rae1 Qc7 14.
Ne5 Nxe5 15. dxe5 Nd7 16. Qd1 Nxe5 17. Bxh7+ Kxh7 18. Qh5+ Kg8 19. Rxe5 g6 20. Qe2 Rac8 21. f4 Qc4 22. Qg4 Kg7 23. a3 Rh8 24. Qd1 Qc5+ 25. Kh1 b5 26. h3 a5 27. Qg4 Qc4 28. Rf3 b4 29. axb4 axb4 30. Rg3 Qf1+ 31. Kh2 Rh6 32. f5 Rc4 33. Qg5 exf5 34. Rxf5 Qa1 35. Qf6+ 1-0

[Event "*** Titled Tuesday Blitz"]
[Site "Chess.com"]
[Date "2021.03.30"]
[Round "9"]
[White "ehrenfeld"]
[Black "dpruess"]
[Result "1-0"]
[WhiteElo "2510"]
[BlackElo "2355"]
[TimeControl "180+1"]
[EndTime "11:46:52 PDT"]
[Termination "ehrenfeld won on time"]

1. e4 c5 2. Nf3 d6 3. Bc4 e6 4. O-O Nf6 5. Re1 a6 6. Bb3 b5 7. c3 Bb7 8. Bc2 Be7 9. d4 d5 10. e5 Ne4 11. Nbd2 Nxd2 12. Qxd2 Nc6 13. Qf4 Rc8 14.
Qg4 g6 15. dxc5 Bxc5 16. Bh6 Qb6 17. Re2 Kd7 18. b4 Be7 19. Qf4 Nd8 20. Re3 Rc4 21. Qg3 Qc7 22. Nd2 Rxb4 23. cxb4 Qxc2 24. Nb3 Nc6 25. a3 Rc8 26. h4 Qb2 27. Rd1 Ke8 28. h5 d4 29. Red3 Qxa3 30. hxg6 hxg6 31. Bg5 Qxb4 32.
Nxd4 Bxg5 33. Nxc6 Bxc6 34. Qxg5 Bd5 35. Rh3 Qe4 36. f3 Qe2 37. Rc1 Rxc1+ 38. Qxc1 Kd7 39. Qf4 Qe1+ 40. Kh2 Ke7 41. Rh7 1-0

[Event "*** Titled Tuesday Blitz"]
[Site "Chess.com"]
[Date "2021.03.30"]
[Round "9"]
[White "CzechmVIII"]
[Black "slowdgehammer"]
[Result "0-1"]
[WhiteElo "2223"]
[BlackElo "2366"]
[TimeControl "180+1"]
[EndTime "11:46:52 PDT"]
[Termination "slowdgehammer won on time"]

1. e4 c5 2. Nf3 e6 3. Nc3 Nc6 4.
d4 cxd4 5. Nxd4 Nf6 6. Nxc6 bxc6 7. e5 Nd5 8. Ne4 Qc7 9. f4 Qa5+ 10. c3 Be7 11. Bd3 Qb6 12. c4 Bb4+ 13. Ke2 f5 14. exf6 Nxf6 15. Be3 Qb7 16. Nxf6+ gxf6 17. Kf2 Be7 18.
Qh5+ Kd8 19. b3 a5 20. Rhd1 a4 21. Bc2 axb3 22. axb3 Kc7 23. Qf7 Bd8 24. Bc5 Kb8 25.
Qxf6 Rg8 26. Bd6+ Bc7 27. Qe5 Rxa1 28. Rxa1 Qb6+ 29. c5 Qb4 30. Bxc7+ Kb7 31. Bb6 Qd2+ 0-1

[Event "*** Titled Tuesday Blitz"]
[Site "Chess.com"]
[Date "2021.03.30"]
[Round "9"]
[White "iamnotIM"]
[Black "fabianvivasz"]
[Result "1-0"]
[WhiteElo "2624"]
[BlackElo "2415"]
[TimeControl "180+1"]
[EndTime "11:46:53 PDT"]
[Termination "iamnotIM won by checkmate"]

1. c4 Nf6 2. Nf3 c5 3. g3 d5 4. Bg2 d4 5. b4 cxb4 6. a3 b3 7. O-O Nc6 8. d3 e5 9. Nbd2 Bd6 10. Nxb3 O-O 11. Bg5 h6 12. Bxf6 Qxf6 13. Nfd2 Qe7 14. Qc1 Be6 15. Ne4 Rac8 16. Nxd6 Qxd6 17. Nd2 b6 18. Qb2 Na5 19. Qb4 Qc7 20. Nb3 Nxb3 21. Qxb3 f5 22. a4 e4 23. a5 Rb8 24. axb6 axb6 25. Qb5 Qc5 26. Rfb1 exd3 27. exd3 f4 28. Ra6 Bf5 29. Rxb6 Qxb6 30. Qxb6 Rxb6 31. Rxb6 Bxd3 32.
Bd5+ Kh8 33. c5 f3 34. Rb4 Re8 35. h4 Re1+ 36. Kh2 Bf1 37. Bxf3 d3 38. Rd4 Rc1 39. c6 Be2 40. Be4 Rc3 41. Rd8# 1-0

[Event "*** Titled Tuesday Blitz"]
[Site "Chess.com"]
[Date "2021.03.30"]
[Round "9"]
[White "Bathory44"]
[Black "Isajevsky_Anton"]
[Result "1/2-1/2"]
[WhiteElo "2660"]
[BlackElo "2547"]
[TimeControl "180+1"]
[EndTime "11:46:55 PDT"]
[Termination "Game drawn by repetition"]

1. e4 c5 2. c3 Nf6 3. e5 Nd5 4. d4 cxd4 5. Nf3 d6 6. cxd4 e6 7. Bc4 Be7 8. O-O O-O 9. exd6 Qxd6 10. Nc3 Nxc3 11. bxc3 Nc6 12. Re1 b6 13. Bd3 Bb7 14. Ng5 h6 15. Ne4 Qd5 16. Qg4 f5 17. Qg6 Bh4 18.
Bxh6 Rf7 19. g3 Ne7 20. c4 Qxd4 21. Qxe6 Qxd3 22. Nd6 Rf8 23. Nxb7 gxh6 24. Nd6 Bf6 25. Rad1 Qf3 26. Nxf7 Rxf7 27. Rd8+ Kg7 28. Rd7 h5 29.
Qd6 h4 30. Rexe7 Bxe7 31. Rxe7 h3 32. Qd4+ Kf8 33. Qd8+ Kg7 34. Qd4+ Kf8 35. Qd8+ Kg7 36. Qd4+ 1/2-1/2

[Event "*** Titled Tuesday Blitz"]
[Site "Chess.com"]
[Date "2021.03.30"]
[Round "9"]
[White "ahmad_alkhatib11"]
[Black "aljado"]
[Result "0-1"]
[WhiteElo "2235"]
[BlackElo "2099"]
[TimeControl "180+1"]
[EndTime "11:46:56 PDT"]
[Termination "aljado won on time"]

1. Nf3 Nf6 2. g3 g6 3. b3 Bg7 4. Bb2 O-O 5. Bg2 d5 6. c4 c6 7. O-O Bg4 8. d3 Nbd7 9. Nbd2 a5 10. a3 Qb6 11. h3 Bxf3 12. Nxf3 e6 13. Rb1 Rfd8 14. b4 axb4 15. axb4 dxc4 16. dxc4 Ra2 17. c5 Qa6 18. Ne5 Qa8 19. Nxd7 Rxd7 20. Qb3 Rd2 21.
Rfd1 Rxd1+ 22. Rxd1 Nd5 23. Bxg7 Kxg7 24. e4 Nf6 25. Qc3 Qa4 26. Rd7 Rc2 27. Qe5 Qa2 28.
Qd4 Rc1+ 29. Kh2 Rc2 30. Kg1 Rc1+ 31. Kh2 Rc2 32. Rxb7 Rxf2 0-1

[Event "*** Titled Tuesday Blitz"]
[Site "Chess.com"]
[Date "2021.03.30"]
[Round "9"]
[White "sokidze"]
[Black "Piotrek1979"]
[Result "1-0"]
[WhiteElo "2759"]
[BlackElo "2345"]
[TimeControl "180+1"]
[EndTime "11:46:57 PDT"]
[Termination "sokidze won by checkmate"]

1. e4 e6 2. d4 c5 3. Nf3 cxd4 4. Nxd4 a6 5. c4 Nf6 6. Nc3 d6 7. Be2 Be7 8. O-O O-O 9. f4 Qc7 10. Be3 b6 11. Rc1 Bb7 12. Bf3 Nbd7 13. g4 Nc5 14.
Qc2 g6 15. g5 Nh5 16. Bxh5 gxh5 17. f5 Rfe8 18. b4 Nd7 19. fxe6 fxe6 20. Qe2 Ne5 21.
Qxh5 Qxc4 22. Rfd1 Nd3 23. Qe2 Ne5 24. Qg2 Rac8 25.
Nd5 exd5 26. Rxc4 dxc4 27. Nf5 Bf8 28. Bd4 Ng6 29. Re1 c3 30. Qc2 d5 31. Re3 Bxb4 32.
exd5 Bxd5 33. a3 Bxa3 34. Nh6+ Kf8 35. Qf5+ Bf7 36. Qxf7# 1-0

[Event "*** Titled Tuesday Blitz"]
[Site "Chess.com"]
[Date "2021.03.30"]
[Round "9"]
[White "Redzishchess"]
[Black "chessmadara"]
[Result "1-0"]
[WhiteElo "2348"]
[BlackElo "2195"]
[TimeControl "180+1"]
[EndTime "11:46:57 PDT"]
[Termination "Redzishchess won by resignation"]

1. e4 c5 2. Nf3 d6 3. d4 cxd4 4.
Nxd4 Nf6 5. Nc3 g6 6. Be3 Bg7 7. f3 Nc6 8. Qd2 O-O 9. Bc4 Bd7 10. O-O-O Rc8 11. Bb3 Na5 12. Bh6 Nc4 13. Bxc4 Rxc4 14. Bxg7 Kxg7 15. h4 h5 16. g4 Qa5 17. gxh5 Nxh5 18. Rhg1 Rfc8 19. Rg5 R8c5 20. Nb3 Rxg5 21. Nxa5 Rxa5 22. Qe3 Be6 23. a3 b5 24. Nd5 Bxd5 25. Rxd5 Nf6 26. Rg5 e5 27. c3 b4 28. axb4 Ra1+ 29. Kc2 a5 30. b5 a4 31. Rg1 Rxg1 32.
Qxg1 d5 33. exd5 Nxd5 34. Qe1 e4 35. fxe4 Nb6 36. Qe3 Nd7 37. Qd3 Rc7 38. Qd6 Rb7 39. Qd5 Rc7 40. c4 Nc5 41. Qe5+ 1-0

[Event "*** Titled Tuesday Blitz"]
[Site "Chess.com"]
[Date "2021.03.30"]
[Round "9"]
[White "DenLaz"]
[Black "Rodalquilar"]
[Result "1-0"]
[WhiteElo "2848"]
[BlackElo "2666"]
[TimeControl "180+1"]
[EndTime "11:46:59 PDT"]
[Termination "DenLaz won on time"]

1. d4 d5 2. c4 e6 3. Nf3 Nf6 4.
Nc3 a6 5. cxd5 exd5 6. Bg5 Be6 7. e3 Nbd7 8. Bd3 Bd6 9. O-O c6 10. Bf4 Qc7 11. Bxd6 Qxd6 12. h3 h6 13. Qc2 g5 14.
Ne2 Rg8 15. Nh2 h5 16. b4 h4 17. f3 Nh5 18. Ng4 Ng3 19. Nxg3 hxg3 20. a4 Rf8 21. b5 f5 22. Nh6 f4 23. exf4 gxf4 24. Rfe1 Kd8 25. bxc6 bxc6 26. Rac1 Rc8 27. Bxa6 Rc7 28. Qg6 Rf6 29. Qg5 Ra7 30. Bf1 Rxa4 31. Ng4 Bxg4 32. Qxg4 Rxd4 33. Qh5 Rd2 34. Qe8+ Kc7 35. Re7 Rb2 36.
Ra1 Rb8 37. Rxd7+ Qxd7 38. Ra7+ 1-0

[Event "*** Titled Tuesday Blitz"]
[Site "Chess.com"]
[Date "2021.03.30"]
[Round "9"]
[White "GMHess"]
[Black "LawrenceTrent"]
[Result "1-0"]
[WhiteElo "2759"]
[BlackElo "2558"]
[TimeControl "180+1"]
[EndTime "11:46:59 PDT"]
[Termination "GMHess won by resignation"]

1. b3 a5 2. c4 e6 3. Nc3 Nf6 4. Bb2 d5 5. cxd5 exd5 6. d4 a4 7. Nf3 c6 8. bxa4 Bb4 9. Qb3 Qa5 10. a3 Bxc3+ 11. Bxc3 Qxa4 12. Qxa4 Rxa4 13. e3 Bf5 14. Be2 Nbd7 15. Bd1 Ra7 16. Bb4 Bd3 17. Nd2 b6 18. Rc1 Bb5 19. g4 Kd8 20. g5 Ne8 21. Bg4 Nc7 22. Nf3 Ne6 23. Kd2 Re8 24. Bd6 Ndf8 25. h4 f6 26. Rc3 Rd7 27. Bxf8 Nxf8 28. Bxd7 Nxd7 29. Rb1 Re4 30. gxf6 gxf6 31. Rg1 Re7 32. Rg8+ Kc7 33. Rc1 Kb7 34. Rcg1 c5 35. R1g7 Re6 36. Rxh7 c4 37. Rhg7 Ka7 38. h5 f5 39. Ne5 Rd6 40. Rxd7+ Bxd7 41. Rg7 1-0

[Event "*** Titled Tuesday Blitz"]
[Site "Chess.com"]
[Date "2021.03.30"]
[Round "9"]
[White "Murad_Ibrahimli"]
[Black "Tenamu"]
[Result "1-0"]
[WhiteElo "2816"]
[BlackElo "2480"]
[TimeControl "180+1"]
[EndTime "11:47:00 PDT"]
[Termination "Murad_Ibrahimli won on time"]

1. Nf3 Nf6 2. g3 d5 3. Bg2 c6 4. O-O Bg4 5. b3 Nbd7 6. Bb2 e6 7. c4 Bd6 8. d3 O-O 9. Nbd2 e5 10.
Qc2 Rc8 11. a3 a5 12. Rfe1 Re8 13. h3 Bh5 14. Nh4 Bf8 15. g4 Bg6 16. Nxg6 hxg6 17.
e3 Bd6 18. Bc3 b6 19. b4 axb4 20. axb4 d4 21. exd4 exd4 22. Rxe8+ Qxe8 23. Bxd4 Bxb4 24. Nf3 Qf8 25. Ra7 Ra8 26. Rxa8 Qxa8 27. Ne5 Bc5 28. Bxc6 Qd8 29. Bxc5 Nxe5 30. Bxb6 Qxb6 31. Bg2 Nfd7 32. c5 Nxc5 33. d4 Ncd3 34. dxe5 Nxe5 35. Qe4 Qc5 36. Kh2 g5 37. Qf5 g6 38. Qe4 Kg7 39. Kg1 Kf6 40.
Bf1 Qc1 41. Kg2 Qd2 42. Qa8 Kg7 43. Qa1 Qf4 44. Qc3 Qe4+ 45. Kg1 f6 46. Bg2 Qe2 47.
Qc7+ Kh6 48. Qd8 Qe1+ 49. Kh2 Kg7 50. Qe7+ Kg8 51. Qxf6 1-0

[Event "*** Titled Tuesday Blitz"]
[Site "Chess.com"]
[Date "2021.03.30"]
[Round "9"]
[White "mac0504"]
[Black "tsaruk_maks"]
[Result "0-1"]
[WhiteElo "2463"]
[BlackElo "2627"]
[TimeControl "180+1"]
[EndTime "11:47:00 PDT"]
[Termination "tsaruk_maks won on time"]

1. e4 e5 2. Nf3 Nc6 3. Bb5 a6 4.
Ba4 Nf6 5. d3 d6 6. O-O g6 7. c3 Bg7 8. Nbd2 O-O 9. Re1 Nh5 10.
Nf1 f5 11. exf5 Bxf5 12. d4 exd4 13. cxd4 Bg4 14. Qb3+ Kh8 15. Qxb7 Bxf3 16. Bxc6 Rb8 17. Qxa6 Rb6 18. Qxb6 cxb6 19. Bxf3 Bxd4 20. Be3 Bc5 21. Bxh5 gxh5 22. Rad1 Qf6 23. Rd2 h4 24. h3 Qg6 25.
Bd4+ Kg8 26. Ne3 h5 27. Nd5 Qg5 28. Bc3 Bxf2+ 29. Rxf2 Qxd5 30. Rd2 Qg5 31. Red1 Rd8 32. Rd5 Qg6 33. Kh1 Kh7 34. Bd2 Rg8 0-1

[Event "*** Titled Tuesday Blitz"]
[Site "Chess.com"]
[Date "2021.03.30"]
[Round "9"]
[White "biveklama"]
[Black "Sergey85Rodchenkov"]
[Result "1-0"]
[WhiteElo "2386"]
[BlackElo "2518"]
[TimeControl "180+1"]
[EndTime "11:47:01 PDT"]
[Termination "biveklama won by resignation"]

1. e4 c5 2. f4 e6 3. Be2 d5 4. d3 Nc6 5. Nf3 dxe4 6. dxe4 Qxd1+ 7. Bxd1 Nf6 8. e5 Nd5 9. Nc3 Nxc3 10. bxc3 b6 11.
Be3 Be7 12. Be2 Bb7 13. O-O-O Rd8 14. Nd2 O-O 15. Bf3 Rd7 16. Ne4 Rfd8 17. Rxd7 Rxd7 18. Nd2 Na5 19. Bxb7 Rxb7 20. g4 Kf8 21. h4 Ke8 22. h5 Rd7 23. g5 c4 24. Ne4 Ba3+ 25. Kb1 Nb7 26. Bc1 Be7 27. Be3 Na5 28. Rg1 b5 29.
g6 fxg6 30. hxg6 hxg6 31. Rxg6 Kf7 32. Rg1 Nc6 33. Bc5 Bxc5 34. Nxc5 Rd2 35. Ne4 Re2 36. Nd6+ Kf8 37. Rg6 b4 38. Rxe6 Ne7 39. cxb4 c3 40. a3 Rf2 41. f5 Re2 42. a4 Re1+ 43. Ka2 Rc1 44. Kb3 Ra1 45. a5 a6 46. f6 gxf6 47.
exf6 1-0

[Event "*** Titled Tuesday Blitz"]
[Site "Chess.com"]
[Date "2021.03.30"]
[Round "9"]
[White "Bacyanide"]
[Black "andriipalchuk"]
[Result "0-1"]
[WhiteElo "2442"]
[BlackElo "2622"]
[TimeControl "180+1"]
[EndTime "11:47:02 PDT"]
[Termination "andriipalchuk won on time"]

1. d4 Nf6 2. c4 e6 3. Nc3 Bb4 4. e3 d5 5. a3 Be7 6. Nf3 O-O 7. b4 dxc4 8. Bxc4 b6 9. Qe2 c5 10. bxc5 bxc5 11. O-O Bb7 12. Rd1 Qc8 13. d5 exd5 14. Nxd5 Nxd5 15. Bxd5 Bxd5 16. Rxd5 Nd7 17. Bb2 Nb6 18.
Rh5 Qg4 19. Rh3 g6 20. Rc1 Rfd8 21. Qc2 c4 22. Ne5 Qe6 23. Rf3 f5 24. Nxg6 hxg6 25. Qc3 Kf7 26. Qg7+ Ke8 27. Rh3 Kd7 28. Rh7 Re8 29. Bf6 Nd5 30. Rd1 Kc6 31. Bd4 Rg8 32.
Qh6 Rad8 33. Rc1 Nb6 34. Qh3 Rd7 35. Qg3 g5 0-1

[Event "*** Titled Tuesday Blitz"]
[Site "Chess.com"]
[Date "2021.03.30"]
[Round "9"]
[White "WisdomGame"]
[Black "zacachess"]
[Result "1-0"]
[WhiteElo "2065"]
[BlackElo "2377"]
[TimeControl "180+1"]
[EndTime "11:47:03 PDT"]
[Termination "WisdomGame won on time"]

1. Nf3 Nf6 2. g3 g6 3. Bg2 Bg7 4. O-O O-O 5. d4 d6 6. c4 Nc6 7.
Nc3 a6 8. Bg5 h6 9. Bd2 Rb8 10.
Qc1 Kh7 11. d5 Na5 12. b3 c5 13. Qa3 b5 14. Nxb5 Nxc4 15. bxc4 axb5 16. cxb5 Rxb5 17. Bc3 Nxd5 18. Bxg7 Kxg7 19. Qd3 Nc7 20. a4 Rb4 21. Rfb1 Rxb1+ 22. Rxb1 Ba6 23. Qc3+ Kg8 24. e4 e5 25. Rd1 Be2 26. Rd2 Bxf3 27. Bxf3 Ne6 28. Ra2 Nd4 29. Bd1 Qa8 30. Qd3 Qa5 31. Kf1 Rb8 32.
h4 h5 33. g4 hxg4 34. Bxg4 Qd8 35. Qg3 Rb1+ 36. Kg2 Qa8 37. f3 Rb4 38. a5 Rb5 39. a6 Rb6 40. a7 Rb7 41. h5 Rxa7 42. Rxa7 Qxa7 43. hxg6 fxg6 44. Bc8 Kg7 45. Qg5 Qf7 46. Bg4 c4 47. Qd8 c3 48. Qxd6 Qf6 49.
Qc7+ 1-0

[Event "*** Titled Tuesday Blitz"]
[Site "Chess.com"]
[Date "2021.03.30"]
[Round "9"]
[White "pfalcon1949"]
[Black "MYMChessAcademy"]
[Result "1-0"]
[WhiteElo "1999"]
[BlackElo "2158"]
[TimeControl "180+1"]
[EndTime "11:47:03 PDT"]
[Termination "pfalcon1949 won by checkmate"]

1. c4 Nf6 2. Nc3 g6 3. g3 Bg7 4. Bg2 O-O 5. e4 d6 6. Nge2 e6 7. O-O Nc6 8. d4 Re8 9. h3 a6 10. Be3 Nd7 11. f4 Nb6 12. b3 f5 13. e5 d5 14.
cxd5 Nxd5 15. Nxd5 exd5 16. Rc1 Be6 17. Nc3 Qd7 18.
Qf3 Rad8 19. Rfd1 Kf7 20. Kh2 Bf8 21. Ne2 Ba3 22. Rc2 Nb4 23. Rcd2 Qc6 24. Qf2 Nc2 25. Ng1 Nxe3 26. Qxe3 Bc1 27. Nf3 Bxd2 28. Ng5+ Kg8 29.
Qxd2 Bf7 30. Rc1 Qb5 31. Rxc7 Rd7 32. Rc2 Qb6 33. h4 Rc7 34. h5 Rxc2 35. Qxc2 gxh5 36. Bf3 Qg6 37. Qc7 h6 38. Nxf7 Qxf7 39. Qxf7+ Kxf7 40. Bxh5+ Ke7 41. Bxe8 Kxe8 42. Kh3 Ke7 43. Kh4 Kf7 44. Kh5 Kg7 45. g4 fxg4 46. Kxg4 Kg6 47. f5+ Kf7 48. Kh5 Ke7 49. Kxh6 b5 50. Kg6 a5 51. f6+ Kf8 52. e6 a4 53. e7+ Ke8 54. Kg7 Kd7 55.
Kf8 b4 56. e8=Q+ Kd6 57. Kg7 Kc7 58. f7 axb3 59. axb3 Kb6 60. f8=Q Kc7 61. Qfe7+ Kb6 62. Qc5+ Ka6 63. Qec6# 1-0

[Event "*** Titled Tuesday Blitz"]
[Site "Chess.com"]
[Date "2021.03.30"]
[Round "9"]
[White "Aleksey_Sorokin"]
[Black "Smirnov_Pavel"]
[Result "0-1"]
[WhiteElo "2777"]
[BlackElo "2900"]
[TimeControl "180+1"]
[EndTime "11:47:04 PDT"]
[Termination "Smirnov_Pavel won by resignation"]

1. d4 Nf6 2. c4 e6 3. Nf3 d5 4. g3 Be7 5. Bg2 O-O 6. O-O c6 7. Qd3 Nbd7 8. Nc3 b6 9. e4 Ba6 10. b3 dxc4 11. bxc4 e5 12. dxe5 Ng4 13. Bf4 g5 14. Rad1 gxf4 15. Qxd7 Qxd7 16. Rxd7 Bc5 17. Bh3 h5 18. Bxg4 hxg4 19. Nd2 Rfd8 20. Rxd8+ Rxd8 21. Nb3 Bxc4 22. Rd1 Rxd1+ 23. Nxd1 Bxb3 24. axb3 fxg3 25. hxg3 Kf8 26. Kf1 Ke7 27. Nb2 b5 28. Nd3 Bd4 29. b4 Ke6 30. Ke2 Bxe5 31. Ke3 Bc7 32. Nf4+ Ke7 33.
Nd3 a5 34. bxa5 Bxa5 35. Kf4 b4 36. e5 b3 37. Kxg4 Bc3 38. Kf5 b2 39. Nxb2 Bxb2 40. f4 c5 41. Ke4 c4 42. g4 Bc1 43. f5 c3 44. Kd3 Bd2 45. Kc2 Be1 46. Kd3 Bg3 47. e6 fxe6 48. Kxc3 e5 49. g5 Bh4 50. g6 Kf6 51. Kd3 Bg5 52. Ke4 Bh6 0-1

[Event "*** Titled Tuesday Blitz"]
[Site "Chess.com"]
[Date "2021.03.30"]
[Round "9"]
[White "sganerdene"]
[Black "PowerThinking2650"]
[Result "1-0"]
[WhiteElo "2624"]
[BlackElo "2429"]
[TimeControl "180+1"]
[EndTime "11:47:05 PDT"]
[Termination "sganerdene won on time"]

1. e4 e5 2. Nf3 Nc6 3. Nc3 Nf6 4. Bb5 Bb4 5. O-O O-O 6. d3 d6 7. Bg5 Bxc3 8. bxc3 Qe7 9. Re1 Nd8 10. d4 Ne6 11. Bc1 c5 12. a4 Rd8 13. Bc4 Qc7 14. Bf1 a5 15. d5 Nf8 16. Bg5 Qe7 17. Nd2 h6 18. Bh4 g5 19. Bg3 Ng6 20.
Nc4 h5 21. h3 h4 22. Bh2 g4 23. Nb6 g3 24. fxg3 hxg3 25. Bxg3 Rb8 26. Qf3 Kg7 27. Bd3 Rh8 28. Rf1 Nh5 29. Nxc8 Rbxc8 30. Qg4 c4 31. Be2 Nf4 32. Bxf4 exf4 33. Rxf4 Rh4 34. Rxf7+ Qxf7 35. Qxc8 Rxe4 36. Bf3 Rf4 37. Qe6 Ne5 38. Qxf7+ Kxf7 39. Kf2 Kg6 40. Rb1 Rf7 41. Rb5 Kg5 42. Kg3 Nxf3 43. gxf3 Kf5 44. Rxa5 Rg7+ 45. Kf2 Ke5 46. Rb5 Rh7 47.
Ke3 Rxh3 48. Rxb7 Rh2 49. f4+ Kxd5 50. Rb5+ Kc6 51. Kd4 Rxc2 52. Kxc4 Rf2 53. Rf5 Ra2 54. Kb3 Ra1 55. a5 d5 56. a6 1-0

[Event "*** Titled Tuesday Blitz"]
[Site "Chess.com"]
[Date "2021.03.30"]
[Round "9"]
[White "DanilovVladimir"]
[Black "DFeco"]
[Result "1-0"]
[WhiteElo "2491"]
[BlackElo "2325"]
[TimeControl "180+1"]
[EndTime "11:47:06 PDT"]
[Termination "DanilovVladimir won by resignation"]

1. d4 d5 2. c4 c6 3. Nc3 Nf6 4. cxd5 cxd5 5. Bf4 Nc6 6. e3 a6 7. Bd3 Bg4 8. f3 Bh5 9. Nge2 e6 10. O-O Bd6 11.
Rc1 O-O 12. Qd2 Bg6 13. Bxd6 Qxd6 14. Nf4 Bxd3 15. Nxd3 e5 16. dxe5 Nxe5 17. Nxe5 Qxe5 18. Rcd1 Rfe8 19. Rfe1 Rad8 20. Qd4 Qxd4 21. Rxd4 b5 22.
Kf2 Rd7 23. Red1 Red8 24. a4 bxa4 25. Rxa4 Rd6 26. Rd2 Kf8 27. g4 h6 28. h4 g5 29.
hxg5 hxg5 30. Ne2 Rb6 31. Nd4 Rdb8 32. Ra2 Ke8 33. Ne2 Ke7 34. Nc3 Ke6 35. Na4 Rc6 36. Nc3 Rcb6 37. Ne2 Ke7 38. Rc2 Kd7 39. Nd4 Rc8 40.
Rxc8 Kxc8 41. b3 Kb7 42. Kg3 Rd6 43. Rh2 Nd7 44. Rh7 Rf6 45. Rg7 Nc5 46. Rxg5 Rb6 47. Rxd5 Nxb3 48. Nxb3 Rxb3 49. Rd7+ Kc6 50. e4 a5 51.
Rxf7 a4 52. Ra7 a3 53. g5 Kd6 54. Kg4 Ke6 55. f4 Rc3 56. Ra6+ Kf7 57. Kf5 Rc5+ 58.
e5 Rc3 59. Ra7+ Kf8 60. Kf6 a2 61. Ra8+ 1-0

[Event "*** Titled Tuesday Blitz"]
[Site "Chess.com"]
[Date "2021.03.30"]
[Round "9"]
[White "monikarozman"]
[Black "canary2016"]
[Result "0-1"]
[WhiteElo "2197"]
[BlackElo "2036"]
[TimeControl "180+1"]
[EndTime "11:47:06 PDT"]
[Termination "canary2016 won on time"]

1. d4 d5 2. c4 c6 3. Nf3 Nf6 4. e3 Bf5 5. Nc3 e6 6. Qb3 Qc7 7. Nh4 Be4 8. f3 Bg6 9. Bd2 Be7 10. Nxg6 hxg6 11. cxd5 exd5 12. O-O-O Nbd7 13. Kb1 Qb6 14. Qc2 a5 15. Bd3 Qa7 16. Bc1 a4 17. e4 a3 18.
b3 Bb4 19. exd5 Bxc3 20. Qxc3 Nxd5 21. Qe1+ Kf8 22. Bc4 N7b6 23. Bxd5 Nxd5 24. Rd3 Qa5 25. Qxa5 Rxa5 26. h4 Nb4 27. Re3 b5 28. Bd2 Nd5 29. Re5 Ra6 30. g3 b4 31. Rhe1 Kg8 32. h5 gxh5 33.
g4 g6 34. g5 Kg7 35. Kc2 Rd8 36. f4 Ra7 37. f5 gxf5 38. Rxf5 Rc7 39. Ref1 c5 40. dxc5 Rxc5+ 41. Kb1 Rc7 42. R5f3 Rcd7 43. Be1 Rc8 44. Bg3 Nc3+ 45. Ka1 Rcd8 46. Be5+ Kg8 0-1

[Event "*** Titled Tuesday Blitz"]
[Site "Chess.com"]
[Date "2021.03.30"]
[Round "9"]
[White "Vanina1989"]
[Black "Beca95"]
[Result "0-1"]
[WhiteElo "2765"]
[BlackElo "2903"]
[TimeControl "180+1"]
[EndTime "11:47:07 PDT"]
[Termination "Beca95 won on time"]

1. d4 Nf6 2. c4 e6 3. Nf3 c5 4. d5 d6 5. g3 exd5 6. cxd5 g6 7. Bg2 Bg7 8. O-O O-O 9. a4 b6 10. Nc3 Ba6 11. Re1 Re8 12. e4 Ng4 13. Bf4 Ne5 14.
Nxe5 dxe5 15. Be3 Nd7 16. Qd2 Nf6 17. h3 Qd6 18. b3 Rac8 19. Nb5 Bxb5 20. axb5 Qd7 21.
Qd3 Rf8 22. Ra2 Ne8 23. Rea1 Rc7 24. Bf1 Nd6 25. Kh2 f5 26. exf5 gxf5 27. Re1 Qf7 28. Bc1 Qg6 29. Qe2 Re7 30. Qf3 Bh6 31. Bxh6 Qxh6 32.
Qg2 f4 33. Bd3 f3 34. Qf1 e4 35.
Bc4 Re5 36. Rxa7 Kh8 37. h4 e3 38. fxe3 f2 39. Re2 Ne4 40. Rea2 Nxg3 41. Kxg3 Rxe3+ 42. Kg2 Rg8+ 0-1